 Dungeon Crawl Stone Soup version 0.22.1-2-g9c5b331 (webtiles) character file.

105 diana the Slasher (level 4, -2/38 HPs)
             Began as a Draconian Berserker on Nov 19, 2018.
             Was a Believer of Trog.
             Slain by a gnoll
             ... wielding a +0 spear
              (9 damage)
             ... on level 3 of the Dungeon.
             The game lasted 00:02:54 (1794 turns).

diana the Slasher (Draconian Berserker)             Turns: 1794, Time: 00:02:56

Health: -2/38      AC:  5    Str: 22    XL:     4   Next: 53%
Magic:  4/4        EV: 12    Int:  7    God:    Trog [**....]
Gold:   151        SH:  0    Dex: 11    Spells: 3/3 levels left

rFire    . . .     SeeInvis .   a - +0 falchion
rCold    . . .     Gourm    .   (no shield)
rNeg     . . .     Faith    .   (armour unavailable)
rPois    .         Spirit   .   (helmet restricted)
rElec    .         Reflect  .   (no cloak)
rCorr    .         Harm     .   (no gloves)
MR       .....                  (no boots)
Stlth    +.........             (no amulet)
HPRegen  0.12/turn              g - +2 ring of strength
MPRegen  0.09/turn              (no ring)

@: no status effects
A: unfitting armour, cold-blooded, AC +5
a: Berserk, Trog's Hand, Renounce Religion


You were on level 3 of the Dungeon.
You worshipped Trog.
Trog was pleased with you.
You were very hungry.

You visited 1 branch of the dungeon, and saw 3 of its levels.

You collected 151 gold pieces.

Inventory:

Hand Weapons
 a - a +0 falchion (weapon)
Armour
 j - a +0 shield
Jewellery
 g - a +2 ring of strength (left hand)
Scrolls
 e - 2 scrolls of teleportation {unknown}
 h - 3 scrolls of identify {unknown}
 i - a scroll of fog {unknown}
 k - a scroll of enchant weapon {unknown}
 l - a scroll of magic mapping {unknown}
Potions
 c - a potion of degeneration {unknown}
 d - a potion of brilliance {unknown}
 f - a potion of lignification {unknown}
Comestibles
 b - 5 rations


   Skills:
 - Level 3.2 Fighting
 + Level 5.4 Long Blades
 - Level 2.6 Dodging


You had 3 spell levels left.
You didn't know any spells.
Your spell library was empty.

Dungeon Overview and Level Annotations

Branches:
Dungeon (3/15)

Altars:
Dithmenos
Fedhas
Hepliaklqana
Nemelex Xobeh
Uskayaw


Innate Abilities, Weirdness & Mutations

Your plain brown scales are hard. (AC +5)
You cannot fit into any form of body armour.
You are cold-blooded and may be slowed by cold attacks.


Message History

You barely miss the ooze. The ooze hits you.
You hit the ooze.
The ooze is moderately wounded.
The ooze hits you. The gnoll closely misses you.
You slash the ooze!
You kill the ooze!
Trog accepts your kill. The gnoll barely misses you.
You hit the gnoll.
The gnoll is heavily wounded.
The gnoll closely misses you.
The gnoll hits you from afar with a spear!
You are too injured to fight recklessly!
You hit the gnoll.
You tail-slap the gnoll, but do no damage.
The gnoll is severely wounded.
The gnoll hits you!
* * * LOW HITPOINT WARNING * * *
The gnoll hits you from afar with a spear!
You die...

.. #.(># ........#.# ###.#
###.......#.### #.#
..............## #(#
...............# #.#
..........#.#..####)########
.........)#...............<.
........[.###..####..##.###.
#.....)...g@.........##.# #.
##.###...g###..#####.##.# #.
###### #..# #.##.#PPP
#..#####.##..P$$
#............P$$
#############P$$


PPP ##. # You could see 2 gnolls.

Vanquished Creatures
  A gnoll (D:3)
  2 adders
  An ooze (D:3)
  5 dart slugs
  2 leopard geckos
  6 orcs (D:3)
  3 giant cockroaches
  10 goblins
  5 hobgoblins
  5 kobolds
  6 bats
  6 frilled lizards
  7 rats
59 creatures vanquished.

Notes
Turn   | Place    | Note
-------+----------+-------------------------------------------
     0 | D:1      | diana the Draconian Berserker began the quest for the Orb.
     0 | D:1      | Reached XP level 1. HP: 19/19 MP: 1/1
   176 | D:1      | Reached XP level 2. HP: 26/26 MP: 2/2
   299 | D:1      | Reached skill level 4 in Long Blades
   394 | D:1      | Reached ** piety under Trog
   394 | D:1      | Reached XP level 3. HP: 31/31 MP: 3/3
   693 | D:2      | Found a blossoming altar of Fedhas.
   920 | D:2      | Found a faded altar of an unknown god.
   920 | D:2      | Found a hazy altar of Hepliaklqana.
   925 | D:2      | Found a hide-covered altar of Uskayaw.
   927 | D:2      | Found a faded altar of an unknown god.
   929 | D:2      | Found a shadowy altar of Dithmenos.
  1420 | D:3      | Found a sparkling altar of Nemelex Xobeh.
  1463 | D:3      | Reached skill level 5 in Long Blades
  1463 | D:3      | Reached XP level 4. HP: 37/38 MP: 4/4
  1794 | D:3      | Slain by a gnoll

Skill      XL: |  1  2  3 |
---------------+----------+-----
Long Blades    | 4 5 |  5.4
Fighting       | |  3.2
Dodging        | |  2.6

Action                   |  1- 3 |  4- 6 || total
-------------------------+-------+-------++-------
Melee: Falchion          |   130 |    34 ||   164
       Tailslap          |     9 |     7 ||    16
 Stab: Sleeping          |     1 |       ||     1
  Eat: Chunk             |     1 |     1 ||     2
Armor: Skin              |    53 |     7 ||    60
Dodge: Dodged            |   103 |    19 ||   122
       Rpst.: Falchion   |    36 |     2 ||    38
